 Dungeon Crawl Stone Soup version 0.22-a0-525-gf69a080 (webtiles) character file.

3 iamserjio the Charmwright (level 1, 2/11 HPs)
             Began as a Vine Stalker Skald on June 21, 2018.
             Quit the game on level 2 of the Dungeon.
             The game lasted 00:00:47 (68 turns).

iamserjio the Charmwright (Vine Stalker Skald)        Turns: 68, Time: 00:00:47

Health: 2/11       AC:  3    Str: 13    XL:     1   Next: 50%
Magic:  1/4        EV: 11    Int: 13    God:
Gold:   0          SH:  0    Dex: 13    Spells: 3/4 levels left

rFire    . . .     SeeInvis .     - Unarmed
rCold    . . .     Gourm    .   (no shield)
rNeg     . . .     Faith    .   a - +0 leather armour
rPois    .         Spirit   +   (no helmet)
rElec    .         Reflect  .   (no cloak)
rCorr    .         Harm     .   (no gloves)
MR       .....                  (no boots)
Stlth    +.........             (no amulet)
HPRegen  0.03/turn              (no ring)
MPRegen  0.09/turn              (no ring)

@: no status effects
A: fangs 2, magic shield, antimagic bite, no potion heal 3, rot immunity
a: no special abilities


You were on level 2 of the Dungeon.
You were not hungry.

You visited 1 branch of the dungeon, and saw 2 of its levels.

Inventory:

Armour
 a - a +0 leather armour (worn)
Comestibles
 c - 2 rations


   Skills:
 + Level 1.9 Fighting
 - Level 0.7 Armour
 - Level 1.5 Dodging
 * Level 2.2 Unarmed Combat
 - Level 2.1 Spellcasting
 - Level 3.0 Charms


You had 3 spell levels left.
You knew the following spells:

 Your Spells              Type           Power        Failure   Level  Hunger
a - Infusion              Chrm           #...         10%         1    ##.....

Your spell library contained the following spells:

 Spells                   Type           Power        Failure   Level  Hunger
 Regeneration             Chrm/Necr      #.........   45%         3    ####...
 Shroud of Golubria       Chrm/Tloc      #.........   26%         2    ###....
 Song of Slaying          Chrm           #.......     14%         2    ###....
 Spectral Weapon          Hex/Chrm       #.......     45%         3    ####...


Dungeon Overview and Level Annotations

Branches:
Dungeon (2/15)

Altars:

Annotations:
D:2 Terence


Innate Abilities, Weirdness & Mutations

You have extremely sharp teeth.
When hurt, damage is shared between your health and your magic reserves.
Your bite disrupts and absorbs the magic of your enemies.
Potions cannot restore your health.
You are immune to rotting.


Message History

Terence shouts, "ATTACK!!!"
Terence hits you with a falchion.
You barely miss Terence. You bite Terence, but do no damage.
Terence shouts, "Get ready for death!"
Terence hits you with a falchion.
You hit Terence but do no damage. Your bite misses Terence.
You closely miss Terence. Terence closely misses you.
You hit Terence but do no damage. You bite Terence. You drain his power.
You feel invigorated.
Terence is lightly wounded.
Terence screams, "I want your blood!" Terence barely misses you.
You barely miss Terence. You bite Terence, but do no damage.
Terence is lightly wounded.
Terence hits you with a falchion.
You hit Terence.
Terence is moderately wounded.
Terence hits you with a falchion.
* * * LOW HITPOINT WARNING * * *
Are you sure you want to abandon this character and quit the game? (Confirm with "yes".)

### #.# ...
..##..#
#.###.#.#.###.
#............. #
..# #......##. #.
#@# #.<.......
.##..##.#
#..#....##
........###..#
..## #.....@@...#
##
#...#######.......
#. ####+###


You could see Terence.

Vanquished Creatures
  A goblin (D:1)
  A hobgoblin (D:1)
  A bat (D:1)
3 creatures vanquished.

Notes
Turn   | Place    | Note
-------+----------+-------------------------------------------
     0 | D:1      | iamserjio the Vine Stalker Skald began the quest for the Orb.
     0 | D:1      | Reached XP level 1. HP: 11/11 MP: 4/4
    55 | D:2      | Noticed Terence
    68 | D:2      | Quit the game

Vault maps used:
D:1:      lemuel_arrival_tunnels, evilmike_ruin_ashenzari
D:2:      chequers_ecumenical_altar_simple, uniq_terence

Action                   || total
-------------------------++-------
Melee: Unarmed           ||    16
       Bite              ||     6
 Cast: Infusion          ||     1
  Use: Potion            ||     1
Armor: Leather armour    ||     2
Dodge: Dodged            ||    12

Table legend:
 A = Spawn XP
 B = Non-spawn XP
 C = Spawn XP percentage of total XP
 D = Spawn monster count
 E = Non-spawn monster count
 F = Spawn count percentage of total count
 G = Total turns spent on level
                    A         B        C        D         E        F      G
               +---------+---------+-------+---------+---------+-------+---------
         Total |       0 |       5 |   0.0 |       0 |       3 |   0.0 |    68
               +---------+---------+-------+---------+---------+-------+---------
           D:1 |       0 |       5 |   0.0 |       0 |       3 |   0.0 |    48
               +---------+---------+-------+---------+---------+-------+---------
